 Dungeon Crawl Stone Soup version 0.30-a0-782-ge64f9170bb (webtiles) character file.

Game seed: 3723226233364067549

39 cheesebisquit the Gusty (level 3, -2/19 HPs)
             Began as a Tengu Air Elementalist on Feb 19, 2023.
             Slain by Sigmund
             ... wielding a +0 scythe
              (8 damage)
             ... on level 2 of the Dungeon.
             The game lasted 00:04:31 (1163 turns).

cheesebisquit the Gusty (Tengu Air Elementalist)    Turns: 1163, Time: 00:04:31

Health: -2/19      AC:  2    Str:  8    XL:     3   Next: 47%
Magic:  2/8        EV: 12    Int: 17    God:
Gold:   66         SH:  0    Dex: 14    Spells: 6/7 levels left

rFire   . . .      SeeInvis .    n - +0 mace
rCold   . . .      Faith    .    (no shield)
rNeg    . . .      Spirit   .    a - +0 robe
rPois   .          Reflect  .    (helmet restricted)
rElec   .          Harm     .    (no cloak)
rCorr   .          Rampage  .    (no gloves)
Will    .....                    (boots unavailable)
Stlth   +                        (no amulet)
HPRegen 0.23/turn                (no ring)
MPRegen 0.11/turn                (no ring)

@: confused
A: beak, talons 3
a: no special abilities


You were on level 2 of the Dungeon.
You visited 1 branch of the dungeon, and saw 2 of its levels.

You collected 66 gold pieces.

Inventory:

Hand Weapons
 c - a +0 dagger
 n - a +0 mace (weapon)
Missiles
 f - 5 poisoned darts
Armour
 a - a +0 robe (worn)
Jewellery
 m - an amulet of guardian spirit
Scrolls
 d - 2 scrolls of identify {unknown}
 g - a scroll of fog {unknown}
 h - 3 scrolls of teleportation {unknown}
Potions
 b - a potion of magic
 e - a potion of might {unknown}
 i - a potion of mutation {unknown}
 j - a potion of degeneration {unknown}
 k - a potion of lignification {unknown}
 l - a potion of berserk rage {unknown}


   Skills:
 - Level 2.1 Dodging
 - Level 2.0 Stealth
 + Level 2.8 Spellcasting
 - Level 1.3 Conjurations
 + Level 5.0 Air Magic


You had 6 spell levels left.
You knew the following spells:

 Your Spells              Type           Power      Damage    Failure   Level
a - Shock                 Conj/Air       52%        1d6       4%          1

Your spell library contained the following spells:

 Spells                   Type           Power      Damage    Failure   Level
 Static Discharge         Conj/Air       26%        2-4/arc   7%          2
 Swiftness                Air            19%        N/A       7%          3
 Airstrike                Air            9%         2d(2-18)  22%         4


Dungeon Overview and Level Annotations

Branches:
Dungeon (2/15)

Altars:

Annotations:
D:2 Sigmund


Innate Abilities, Weirdness & Mutations

You have a beak for a mouth.
You have claws for feet.


Message History

You see here a +0 mace.
Sigmund the Dreaded comes into view.
He is wielding a +0 scythe and wearing a +2 robe of cold resistance.
Sigmund shouts!
You see here a +0 mace.
n - a +0 mace
n - a +0 mace (weapon)
Sigmund is nearby!
The zap hits Sigmund.
Sigmund is lightly wounded.
The zap hits Sigmund.
Sigmund is moderately wounded.
The zap hits Sigmund.
Sigmund is moderately wounded.
Sigmund casts a spell at you. The magic dart hits you!
The zap misses Sigmund.
Sigmund closely misses you.
The zap hits Sigmund.
Sigmund is heavily wounded.
Sigmund hits you from afar with a +0 scythe.
You are too injured to fight recklessly!
Aiming: Shock (safe; 4% risk of failure)
Press: ? - help, Q - select action, (/) - cycle Shift-Dir - straight line, f/p - Sigmund
Aim: Sigmund, wielding a +0 scythe and wearing a +2 robe of cold resistance (heavily wounded, 64% to hit)
The zap hits Sigmund.
Sigmund is heavily wounded.
Aiming: Shock (safe; 4% risk of failure)
Press: ? - help, Q - select action, (/) - cycle Shift-Dir - straight line, f/p - Sigmund
Aim: Sigmund, wielding a +0 scythe and wearing a +2 robe of cold resistance (heavily wounded, 64% to hit)
The zap hits Sigmund.
Sigmund is severely wounded.
Sigmund casts a spell at you. The magic dart hits you.
* * * LOW HITPOINT WARNING * * *
Sigmund points at you and mumbles some strange words.
You are confused.
You bump into the rock wall.
You bump into the rock wall.
Sigmund misses you.
You bump into the rock wall.
Sigmund hits you from afar with a +0 scythe!
You die...

... #.##
#..#
##.##
#..#####
##.....#
#####@#
#.####
#.@..#
####.##
#..#
##.#
#.####
#....#
####.#
#.# #.#
#


You could see Sigmund.

Vanquished Creatures
  An adder (D:2)
  3 bats
  6 endoplasms (D:1)
  A goblin (D:1)
  A hobgoblin (D:1)
  4 jackals (D:1)
  2 kobolds
  2 quokkas
  5 ball pythons (D:1)
  A frilled lizard (D:1)
26 creatures vanquished.

Notes
Turn   | Place    | Note
-------+----------+-------------------------------------------
     0 | D:1      | cheesebisquit the Tengu Air Elementalist began the quest
                  | for the Orb.
     0 | D:1      | Reached XP level 1. HP: 10/10 MP: 4/4
    32 | D:1      | Found a faded altar of an unknown god.
   158 | D:1      | Reached XP level 2. HP: 15/15 MP: 0/6
   670 | D:1      | Reached XP level 3. HP: 19/19 MP: 4/7
  1025 | D:2      | Reached skill level 5 in Air Magic
  1141 | D:2      | Noticed Sigmund
  1163 | D:2      | Slain by Sigmund

Illustrated notes

Levels and vault maps discovered:
D:1:      ncdulo_watergridlock, layout_rooms, dreamdust_ecumenical_altar_statues
D:2:      layout_basic, minmay_misc_feat_chi, uniq_terence, uniq_sigmund

Skill      XL: |  1  2  3 |
---------------+----------+-----
Air Magic      | 5 |  5.0
Dodging        | |  2.1
Stealth        | |  2.0
Spellcasting   | |  2.8
Conjurations   | |  1.3

Action                     || total
---------------------------++-------
  Melee: Dagger            ||     7
         Kick              ||     2
   Cast: Shock             ||    62
 Armour: Robe              ||     4
  Dodge: Dodged            ||    12

Table legend: (Time is in decaauts)
 A = Elapsed time spent in this place.
 B = Non-inter-level travel time spent in this place.
 C = Inter-level travel time spent in this place.
 D = Time resting spent in this place.
 E = Time spent auto-exploring this place.
 F = Levels seen in this place.
 G = Mean time per level.
                   A        B        C        D        E       F      G
               +--------+--------+--------+--------+--------+-----+--------+
         Total |   1162 |   1151 |     11 |     51 |    932 |   2 |  581.0 |
       Dungeon |   1162 |   1151 |     11 |     51 |    932 |   2 |  581.0 |
               +--------+--------+--------+--------+--------+-----+--------+

Top non-repeatable levels by time:
     D:1: 960 daAuts
     D:2: 202 daAuts
